 Dungeon Crawl Stone Soup version 0.28.0-47-ge53b351184 (webtiles) character file.

Game seed: 7149888953288894021

95 Allula97 the Skirmisher (level 4, -11/35 HPs)
             Began as a Demonspawn Fighter on May 5, 2022.
             Killed from afar by a steam dragon (17 damage)
             ... with a ball of steam
             ... on level 3 of the Dungeon.
             The game lasted 00:03:07 (3693 turns).

Allula97 the Skirmisher (Demonspawn Fighter)        Turns: 3693, Time: 00:03:08

Health: -11/35     AC:  6    Str: 16    XL:     4   Next: 39%
Magic:  4/4        EV:  9    Int:  9    God:
Gold:   144        SH:  5    Dex: 15    Spells: 3/3 levels left

rFire   . . .      SeeInvis .   a - +0 flail
rCold   . . .      Faith    .   c - +0 buckler
rNeg    . . .      Spirit   .   b - +0 scale mail
rPois   .          Reflect  .   (no helmet)
rElec   .          Harm     .   (no cloak)
rCorr   .          Rampage  .   (no gloves)
Will    .....                   (no boots)
Stlth   ..........              (no amulet)
HPRegen 0.11/turn               (no ring)
MPRegen 0.09/turn               (no ring)

@: no status effects
A: ignite blood 1
a: no special abilities


You were on level 3 of the Dungeon.
You visited 1 branch of the dungeon, and saw 3 of its levels.

You collected 144 gold pieces.

Inventory:

Hand Weapons
 a - a +0 flail (weapon)
Armour
 b - a +0 scale mail (worn)
 c - a +0 buckler (worn)
Scrolls
 f - 3 scrolls of teleportation {unknown}
 h - 2 scrolls of identify {unknown}
 k - a scroll of fog {unknown}
 l - a scroll of vulnerability {unknown}
 m - a scroll of acquirement {unknown}
Potions
 d - a potion of might
 e - a potion of attraction {unknown}
 g - a potion of curing {unknown}
 i - a potion of invisibility {unknown}
 j - 2 potions of haste {unknown}
 n - 2 potions of degeneration {unknown}
 o - a potion of berserk rage {unknown}


   Skills:
 * Level 3.3 Fighting
 * Level 2.6 Maces & Flails
 * Level 3.3 Armour
 * Level 0.7 Dodging
 * Level 3.3 Shields


You had 3 spell levels left.
You didn't know any spells.
Your spell library contained the following spells:

 Spells                   Type           Power      Damage    Failure   Level
 Pain                     Necr           0%         1d4       88%         1
 Agony                    Necr           0%         N/A       100%        5
 Excruciating Wounds      Necr           0%         N/A       100%        5


Dungeon Overview and Level Annotations

Branches:
Dungeon (3/15)

Altars:
Dithmenos
Makhleb
Vehumet

Annotations:
D:3 Sheol's ghost, weakling MiFi


Innate Abilities, Weirdness & Mutations

Your demonic aura sometimes causes spilled blood to erupt in flames.


Message History

An orc is nearby!
You closely miss the orc. The orc barely misses you. The orc misses you.
You barely miss the orc. The orc closely misses you.
You thump the orc!
You kill the orc!
Things that are here:
a +0 hand axe; a +0 ring mail
Found an orange potion.
o - an orange potion You see here a jackal skeleton.
You see here a +0 club.
A frilled lizard comes into view.
The frilled lizard hisses angrily.
You closely miss the frilled lizard. The frilled lizard misses you.
You barely miss the frilled lizard. The frilled lizard bites you.
You barely miss the frilled lizard. The frilled lizard barely misses you.
You block the frilled lizard's attack.
You barely miss the frilled lizard. The frilled lizard closely misses you.
You miss the frilled lizard.
The frilled lizard bites you but does no damage.
You barely miss the frilled lizard.
You block the frilled lizard's attack. x2
You hit the frilled lizard.
You kill the frilled lizard!
You see here a frilled lizard corpse.
You see here a frilled lizard corpse.
There is an escape hatch in the ceiling here.
You pick up a book of Pain and begin reading...
You add the spells Pain, Agony and Excruciating Wounds to your library.
You enter the shallow water.
Moving in this stuff is going to be slow.
Sheol's ghost turns its malevolent gaze towards you.
As you open the door, it creaks loudly!
You barely miss the steam dragon. The steam dragon breathes steam at you.
The ball of steam hits you!!
Ouch! That really hurt!
* * * LOW HITPOINT WARNING * * *
The steam dragon breathes steam at you. The ball of steam hits you!
You die...

##...........
#.....(..P..
##.......P.. ##......P..
######...# #§§§# #...#
### #§W§# #...# #.##
##D## #.P.#
#..####.@.#########
#....
#....##.§.........#
#....
##.#.###§.........#
#.P..
#................###...#
##.####..<.............#
#..# #................(
##.# #...)......#######
####.###..........#
#.......##..#######


You could see a steam dragon (catching breath) and Sheol's ghost.

Vanquished Creatures
  A bullfrog skeleton (D:3)
  A dart slug (D:3)
  2 orcs (D:3)
  2 ball pythons (D:2)
  8 endoplasms
  4 giant cockroaches
  7 goblins
  5 hobgoblins
  6 jackals
  9 kobolds
  A quokka (D:1)
  4 bats
  3 frilled lizards
  5 rats
58 creatures vanquished.

Vanquished Creatures (others)
  4 plants (D:3)
4 creatures vanquished.

Grand Total: 62 creatures vanquished

Notes
Turn   | Place    | Note
-------+----------+-------------------------------------------
     0 | D:1      | Allula97 the Demonspawn Fighter began the quest for the
                  | Orb.
     0 | D:1      | Reached XP level 1. HP: 18/18 MP: 1/1
   114 | D:1      | Found a faded altar of an unknown god.
   124 | D:1      | Gained mutation: Your demonic aura sometimes causes spilled
                  | blood to erupt in flames. [demonic ancestry]
   124 | D:1      | Reached XP level 2. HP: 15/24 MP: 2/2
   174 | D:1      | HP: 1/24 [jackal (2)]
  1088 | D:1      | Reached XP level 3. HP: 17/29 MP: 3/3
  1677 | D:2      | Found a shadowy altar of Dithmenos.
  2707 | D:3      | Noticed Sheol's ghost (weakling MiFi)
  2707 | D:3      | Noticed a steam dragon
  2707 | D:3      | Found a runed translucent door.
  2856 | D:3      | Reached XP level 4. HP: 17/35 MP: 4/4
  3270 | D:3      | Found a radiant altar of Vehumet.
  3353 | D:3      | Found a burning altar of Makhleb.
  3693 | D:3      | Killed from afar by a steam dragon

Illustrated notes

Levels and vault maps discovered:
D:1:      saegor_arrival_simple_b, layout_rooms, ebering_ecumenical_altar_box,
          serial_co_window_serial, co_window_corner_a,
          co_window_of_opportunity_a, co_window_of_opportunity_a,
          co_window_paths_b, co_window_paths_a, co_window_broadway_a,
          co_window_cross_3, co_window_broadway_b, co_window_4corner_b,
          co_window_paths_d
D:2:      layout_basic, serial_forest, infiniplex_forest_lined_2,
          infiniplex_forest_clump_curved, infiniplex_forest_clump_cross,
          infiniplex_forest_lined_ring, infiniplex_forest_join,
          infiniplex_forest_zigzag_1, infiniplex_forest_lined_2,
          infiniplex_forest_clump_small, basic_altar
D:3:      layout_rooms, lemuel_crystal_altar, mainiacjoe_overflow_boulevard,
          ebering_ghost_inner_flame, roderic_lattice_a,
          nicolae_underground_beach

Skill      XL: |  1  2 |
---------------+-------+-----
Maces & Flails | 2 |  2.6
Shields        | 3 |  3.3
Armour         | 3 |  3.3
Fighting       | |  3.3
Dodging        | |  0.7

Action                   |  1- 3 |  4- 6 || total
-------------------------+-------+-------++-------
Melee: Flail             |   137 |    49 ||   186
Armor: Scale mail        |    62 |    20 ||    82
Dodge: Dodged            |    59 |    20 ||    79
Block: Buckler           |    30 |    12 ||    42
